 Dungeon Crawl Stone Soup version 0.17-a0-1914-gde4187c (webtiles) character file.

84 derrpe the Conjurer (level 4, 0/27 HPs)
             Began as an Octopode Conjurer on Sept 26, 2015.
             Slain by a scorpion (1 damage)
             ... on level 3 of the Dungeon.
             The game lasted 00:02:57 (2055 turns).

derrpe the Conjurer (Octopode Conjurer)             Turns: 2055, Time: 00:02:58

Health: 0/27       AC:  1    Str:  7    XL:     4   Next: 45%
Magic:  4/8        EV: 12    Int: 18    God:
Gold:   88         SH:  0    Dex: 12    Spells: 2 memorised, 5 levels left

rFire  . . .     SeeInvis .     u - +4 hunting sling
rCold  . . .     Clarity  .     (no shield)
rNeg   . . .     SustAt   .     (helmet restricted)
rPois  .         Gourm    .     (no amulet)
rElec  .         Spirit   .     (no ring)
rCorr  .         Warding  .     (no ring)
rMut   .         Stasis   .     (no ring)
MR     .....                    (no ring)
Stlth  +++.......               (no ring)
                                (no ring)
                                (no ring)
                                (no ring)

@: lethally poisoned (0 -> -17), not resistant to hostile enchantments, fairly
stealthy
A: almost no armour, amphibious, 8 rings, constrict 8, camouflage 1, gelatinous
body 1
a: no special abilities


You were on level 3 of the Dungeon.
You were not hungry.

You visited 1 branch of the dungeon, and saw 3 of its levels.

You collected 88 gold pieces.

Inventory:

Hand weapons
 u - a +4 hunting sling (weapon)
Missiles
 h - 24 bolts
 k - 87 sling bullets
 l - 15 silver sling bullets
 n - 13 bolts of flame
 t - 12 stones (quivered)
Scrolls
 c - a scroll of immolation {unknown}
 d - 2 scrolls of enchant weapon {unknown}
 e - 3 scrolls of recharging {unknown}
 f - a scroll of fear {unknown}
 p - a scroll of fog {unknown}
 q - a scroll of noise {unknown}
 s - a scroll of teleportation {unknown}
Potions
 g - 4 potions of curing {unknown}
 m - a potion of haste {unknown}
 r - a potion of flight {unknown}
Books
 a - a book of Conjurations

   Spells                             Type                      Level
   a - Magic Dart                     Conjuration                  1
   b - Searing Ray                    Conjuration                  2
   c - Dazzling Spray                 Conjuration/Hexes            3
   d - Fulminant Prism                Conjuration/Hexes            4
   e - Iskenderun's Mystic Blast      Conjuration                  4
   f - Iskenderun's Battlesphere      Conjuration/Charms           5
Comestibles
 b - a bread ration {@e1}


   Skills:
 - Level 2.0 Dodging
 - Level 2.6 Stealth
 + Level 2.8 Spellcasting
 * Level 5.3 Conjurations


You had 5 spell levels left.
You knew the following spells:

 Your Spells              Type           Power        Failure   Level  Hunger
a - Magic Dart            Conj           ###.         1%          1    None
b - Searing Ray           Conj           ###...       2%          2    ##.....


Dungeon Overview and Level Annotations

Branches:
Dungeon (3/15)

Altars:
Gozag

Annotations:
D:3 Goresteps's ghost, average HEIE


Innate Abilities, Weirdness & Mutations

You cannot wear most types of armour.
You are amphibious.
You can wear up to eight rings at the same time.
You can use your tentacles to constrict eight enemies at once.
Your skin changes colour to match your surroundings (Stealth).
Your rubbery body absorbs attacks (AC +1).


Message History

The scorpion is severely wounded.
* * * LOW HITPOINT WARNING * * *
You feel sick. The scorpion stings you.
* * * LOW HITPOINT WARNING * * *
Really attack while wielding your +4 hunting sling? [Y]es or [N]o only, please.
Really attack while wielding your +4 hunting sling?
Okay, then.
The searing ray hits the scorpion.
The scorpion is almost dead.
* * * LOW HITPOINT WARNING * * *
You feel sick. The scorpion stings you.
* * * LOW HITPOINT WARNING * * *
You are more poisoned.
The scorpion poisons you!
The searing ray hits the scorpion.
The scorpion is almost dead.
* * * LOW HITPOINT WARNING * * *
You feel sick. The scorpion stings you.
You die...

###############
#[...........(##########
#..........)....@s...g.(
#...........).#########.
#######.####......#####
#.# #.......#...# #.#
#.......#.#.# #.#
#.......#.#.#
#.###.......#.%<#
#...+.......#.###
#####.......#...#


You could see a scorpion and a hobgoblin.

Vanquished Creatures
  5 adders
  A worm (D:3)
  An orc (D:3)
  A ball python (D:1)
  5 bats
  2 goblins
  5 hobgoblins
  5 kobolds
  A quokka (D:3)
  2 giant newts
  6 rats
34 creatures vanquished.

Notes
Turn   | Place    | Note
--------------------------------------------------------------
     0 | D:1      | derrpe the Octopode Conjurer began the quest for the Orb.
     0 | D:1      | Reached XP level 1. HP: 11/11 MP: 3/3
   441 | D:1      | Reached XP level 2. HP: 17/17 MP: 0/5
   931 | D:2      | Reached XP level 3. HP: 16/21 MP: 0/6
  1173 | D:2      | Found an opulent altar of Gozag.
  1371 | D:2      | Reached skill level 5 in Conjurations
  1402 | D:2      | Learned a level 2 spell: Searing Ray
  1533 | D:3      | Reached XP level 4. HP: 24/27 MP: 2/8
  1789 | D:3      | Noticed Goresteps's ghost (average HEIE)
  1793 | D:3      | Noticed an ice beast
  2041 | D:3      | Noticed a scorpion
  2055 | D:3      | HP: 1/27 [poisoned by a scorpion]
  2055 | D:3      | Slain by a scorpion

Vault maps used:
D:1:      nicolae_arrival_washed_ashore, grunt_decor_cap
D:2:      grunt_gozag_statues
D:3:      lemuel_doored_altar, first_bread, uniq_iyjb, uniq_natasha

Action                   |  1- 3 |  4- 6 || total
-------------------------+-------+-------++-------
Melee: Unarmed           |     4 |     4 ||     8
 Fire: Hunting sling     |       |    15 ||    15
 Cast: Magic Dart        |    51 |    24 ||    75
       Searing Ray       |       |     1 ||     1
  Eat: Chunk             |     2 |       ||     2
       Bread ration      |       |     1 ||     1
